 Dungeon Crawl Stone Soup version 0.24-a0-244-ga6a6ab7d13 (webtiles) character file.

Game seed: 18379467857682626901

44648 Redear the Thaumaturge (level 13, -4/82 HPs)
             Began as a Deep Elf Earth Elementalist on Apr 11, 2019.
             Was a High Priest of Vehumet.
             Slain by a seven-headed hydra (7 damage)
             ... on level 11 of the Dungeon.
             The game lasted 01:41:58 (20690 turns).

Redear the Thaumaturge (DEEE)                      Turns: 20690, Time: 01:41:58

Health: -4/82      AC:  6    Str:  5    XL:     13   Next: 97%
Magic:  9/32       EV: 17    Int: 28    God:    Vehumet [*****.]
Gold:   527        SH:  0    Dex: 15    Spells: 2/38 levels left

rFire    + . .     SeeInvis .   L - +2 war axe of Day {protect, +Blink}
rCold    + . .     Gourm    .   (no shield)
rNeg     . . .     Faith    +   q - +0 troll leather armour {regen}
rPois    +         Spirit   .   F - -2 helmet "Uppiled" {rElec rPois rCorr} (curse)
rElec    +         Reflect  .   w - +0 cloak
rCorr    +         Harm     .   j - +0 pair of gloves of the Land of Plenty {rF+ Int+2} (curse)
MR       +....                  n - +0 pair of boots
Stlth    +++++.....             G - amulet of faith {Faith}
HPRegen  0.63/turn              c - ring of protection from cold {rC+}
MPRegen  0.23/turn              x - ring of wizardry {Wiz+}

@: swift, quick
A: no striking features
a: Renounce Religion, Evoke Blink


You were on level 11 of the Dungeon.
You worshipped Vehumet.
Vehumet was extremely pleased with you.
You were not hungry.

You visited 3 branches of the dungeon, and saw 18 of its levels.
You also visited: Sewer and Bailey.

You collected 1607 gold pieces.
You spent 1080 gold pieces at shops.

Inventory:

Hand Weapons
 L - the +2 war axe of Day (weapon) {protect, +Blink}
   (You found it in a bailey)

   It protects the one who uses it against injury (+AC on strike).
   It lets you blink.
 U - a +1 long sword of venom
Missiles
 b - 81 stones (quivered)
Armour
 j - the cursed +0 pair of gloves of the Land of Plenty (worn) {rF+ Int+2}
   (You found it on level 7 of the Dungeon)

   It affects your intelligence (+2).
   It protects you from fire.
   It has a curse placed upon it.
 n - a +0 pair of boots (worn)
 q - a +0 troll leather armour (worn) {regen}
 w - a +0 cloak (worn)
 F - the cursed -2 helmet "Uppiled" (worn) {rElec rPois rCorr}
   (You found it in a bailey)

   It insulates you from electricity.
   It protects you from poison.
   It provides partial protection from all sources of acid and corrosion.
   It has a curse placed upon it.
Magical Staves
 Z - an uncursed staff of fire {rF+}
Jewellery
 c - a ring of protection from cold (left hand) {rC+}
 f - an uncursed ring of protection from fire {rF+}
 m - an uncursed ring of protection from magic {MR+}
 r - an uncursed ring of fire {rF+ rC-}
 s - an uncursed ring of see invisible {SInv}
 x - a ring of wizardry (right hand) {Wiz+}
 G - an amulet of faith (around neck) {Faith}
 S - an uncursed amulet of the gourmand {unknown}
Wands
 A - a wand of acid (8)
 E - a wand of enslavement (23)
 I - a wand of iceblast (13)
 K - a wand of polymorph (21)
 O - a wand of clouds (6)
 P - a wand of paralysis (12)
Scrolls
 a - 3 scrolls of random uselessness {unknown}
 g - 3 scrolls of amnesia
 h - 2 scrolls of enchant armour
 p - 2 scrolls of fog
 v - 3 scrolls of immolation
 B - a scroll of blinking {@r4}
 M - 2 scrolls of magic mapping
 N - 9 scrolls of remove curse {@r2}
 T - 3 scrolls of teleportation {@r3}
 V - a scroll of brand weapon {unknown}
 W - 3 scrolls of vulnerability
 Y - 3 scrolls of enchant weapon {unknown}
Potions
 d - a potion of magic
 e - 3 potions of invisibility
 i - 4 potions of haste {@q5}
 k - 3 potions of heal wounds {@q1}
 l - 8 potions of flight
 o - 2 potions of berserk rage
 t - a potion of resistance {rF+ rC+ rPois rElec rCorr}
 u - a potion of lignification {unknown}
 y - 5 potions of might {Str+5 DMG+1d10 | @q3}
 D - 2 potions of brilliance {Archmagi Int+5 Wiz++}
 H - a potion of cancellation
 J - 2 potions of agility {unknown}
 Q - 7 potions of curing {@q2}
 X - a potion of mutation {unknown}
Comestibles
 z - 18 rations
 C - 5 chunks of flesh


   Skills:
 - Level 10.0 Fighting
 - Level 10.0 Dodging
 - Level 12.0 Stealth
 - Level 13.0 Spellcasting
 - Level 7.1 Conjurations
 - Level 5.0 Charms
 - Level 1.1 Transmutations
 - Level 9.8 Ice Magic
 + Level 5.6 Air Magic
 - Level 9.0 Earth Magic


You had 2 spell levels left.
You knew the following spells:

 Your Spells              Type           Power        Failure   Level  Hunger
a - Stone Arrow           Conj/Erth      ######       1%          3    None
b - Sandblast             Erth           ######       1%          1    None
c - Passwall              Tmut/Erth      #####...     1%          2    None
d - Petrify               Tmut/Erth      #####...     2%          4    None
e - Airstrike             Air            #####.....   1%          4    None
f - Swiftness             Chrm/Air       #####...     1%          2    None
g - Static Discharge      Conj/Air       ######..     1%          3    None
h - Ozocubu's Refrigerat  Ice            ######....   1%          6    ####...
j - Conjure Flame         Conj/Fire      #####...     1%          3    None
l - Lee's Rapid Deconstr  Erth           ######....   1%          5    ##.....
R - Regeneration          Chrm/Necr      ####......   2%          3    None

Your spell library contained the following spells:

 Spells                   Type           Power        Failure   Level  Hunger
 Animate Skeleton         Necr           N/A          1%          1    None
 Corona                   Hex            ###....      1%          1    None
 Magic Dart               Conj           ####         1%          1    None
 Pain                     Necr           ###.         1%          1    None
 Shock                    Conj/Air       ####         1%          1    None
 Ensorcelled Hibernation  Hex/Ice        #####.       1%          2    None
 Searing Ray              Conj           ######       1%          2    None
 Dazzling Spray           Conj/Hex       #####.       1%          3    None
 Force Lance              Conj/Tloc      #####...     1%          4    None
 Fulminant Prism          Conj/Hex       #####.....   1%          4    None
 Iskenderun's Mystic Bla  Conj           ######..     1%          4    None
 Lightning Bolt           Conj/Air       ######....   1%          5    ##.....
 Confuse                  Hex            ###.....     6%          3    None
 Tukima's Dance           Hex            ###.....     6%          3    None
 Vampiric Draining        Necr           ###.......   6%          3    None
 Animate Dead             Necr           N/A          19%         4    None


Dungeon Overview and Level Annotations

Branches:
Dungeon (11/15)            Temple (1/1) D:5            Lair (6/6) D:10
  Swamp (0/4) Lair:3       Spider (0/4) Lair:2        Slime (0/5) Lair:6
    Orc (0/2) D:11

Altars:
Ashenzari
Cheibriados
Dithmenos
Elyvilon
Fedhas
Gozag
Hepliaklqana
Kikubaaqudgha
Makhleb
Nemelex Xobeh
Okawaru
Qazlal
Ru
Sif Muna
Trog
Uskayaw
Vehumet
Wu Jian
Xom
Yredelemnul
Zin
The Shining One

Shops:
D:4 ?   D:6 *   D:9 [=?!

Annotations:
D:8 3 runed translucent doors, xoxolimbo's ghost, novice DsFE


Message History

Unknown command.
Okay, then.
Unknown command.
Casting: Stone Arrow (safe; 1% risk of failure)
Confirm with . or Enter, or press ? or * to list all spells.
Okay, then.
Unknown command.
Casting: Stone Arrow (safe; 1% risk of failure)
Confirm with . or Enter, or press ? or * to list all spells.
You feel quick. The seven-headed hydra bites you.
The seven-headed hydra bites you!
* * * LOW HITPOINT WARNING * * *
The seven-headed hydra bites you but does no damage.
The seven-headed hydra bites you.
* * * LOW HITPOINT WARNING * * *
The seven-headed hydra bites you.
* * * LOW HITPOINT WARNING * * *
The seven-headed hydra closely misses you.
The seven-headed hydra bites you!
You die...

..#.#........................##
..#.##.#......#.......>........
....##.#.#+#####.............##
.#.....#.#<.# #..............#
#.>.....รท..####..............#
.#.............#.!.)...).......
.......)###+##.#[#.#.......##.
......O......#.#D#.#..........!
#######......'.#@#.#..#.###.#..
....###......#..............#
.............#.#.#.#..#........##
.............#.#....).########...
........######.###.#.##... ##
###.###.# #O# #.#.#...# #< #. #.#
#.###.#.#...######## #
#.######O#.....#...........
#.......o#.#.###..#########


You could see a seven-headed hydra.

Vanquished Creatures
  2 fire dragons
  5 hydras
  A two-headed ogre (D:11)
  Urug (Lair:5)
  Sonja (D:10)
  A lindwurm (Lair:6)
  2 oklob plants (Lair:6)
  2 cyclopes
  9 elephants
  A centaur zombie (D:11)
  Joseph (D:8)
  13 spiny frogs
  6 black mambas
  A torpor snail (Lair:6)
  2 molten gargoyles (Lair:6)
  A yaktaur (shapeshifter) (D:9)
  9 komodo dragons
  A polar bear (Lair:4)
  A troll (D:10)
  A hornet (Lair:4)
  2 bog bodies (Lair:3)
  10 blink frogs
  3 dream sheep (Lair:6)
  4 hippogriffs
  A spriggan (D:8)
  Sigmund (D:6)
  2 fire bats (Lair:2)
  35 yaks
  10 basilisks
  6 wyverns
  A steam dragon (Lair:6)
  A hungry ghost (D:7)
  A warg (D:11)
  A swamp worm (Lair:3)
  4 hell hounds (Lair:6)
  8 water moccasins
  9 porcupines
  Duvessa (D:7)
  8 orc warriors
  2 ice beasts
  2 black bears
  A sky beast (D:7)
  A phantom (D:9)
  A necrophage (D:3)
  15 wolves
  4 ogres
  2 centaurs
  2 big kobolds
  12 crocodiles
  13 bullfrogs
  Dowan (D:7)
  A wyvern skeleton (D:9)
  5 scorpions
  2 water moccasin skeletons
  12 killer bees
  3 wights (D:6)
  2 electric eels
  5 howler monkeys
  2 crimson imps (D:9)
  5 lava snakes (Lair:6)
  A bullfrog zombie (D:5)
  A quasit (D:6)
  5 hounds
  4 jellies
  A bullfrog skeleton (D:7)
  6 orc priests
  Jessica (D:2)
  4 centaur skeletons
  6 hell rats (Lair:5)
  2 iguanas
  8 orc wizards
  5 worker ants
  2 hound zombies
  A hound skeleton (D:5)
  A howler monkey zombie (D:7)
  2 worker ant zombies
  7 gnolls
  A howler monkey skeleton (D:6)
  6 adders
  A shadow imp (D:7)
  5 worms
  A dart slug (D:1)
  7 leopard geckos
  36 orcs
  12 bats
  7 giant cockroaches
  8 goblins
  9 hobgoblins
  15 jackals
  25 kobolds
  2 quokkas
  3 ball pythons
  6 frilled lizards
  A jackal zombie (D:7)
  10 rats
  A fungus (Lair:4)
475 creatures vanquished.

Vanquished Creatures (others)
  A bush (Lair:5)
  12 fungi
  3 plants (Lair:5)
16 creatures vanquished.

Grand Total: 491 creatures vanquished

Notes
Turn   | Place    | Note
-------+----------+-------------------------------------------
     0 | D:1      | Redear the Deep Elf Earth Elementalist began the quest for
                  | the Orb.
     0 | D:1      | Reached XP level 1. HP: 10/10 MP: 6/6
   130 | D:1      | Reached XP level 2. HP: 15/15 MP: 5/8
   297 | D:1      | Reached skill level 3 in Stealth
   640 | D:2      | Reached skill level 3 in Dodging
   640 | D:2      | Reached XP level 3. HP: 19/19 MP: 7/10
   679 | D:2      | Noticed Jessica
   685 | D:2      | Killed Jessica
   924 | D:2      | Reached XP level 4. HP: 24/24 MP: 7/11
  1003 | D:2      | Reached skill level 4 in Earth Magic
  1075 | D:2      | Reached skill level 4 in Spellcasting
  1393 | D:3      | Noticed a necrophage
  1397 | D:3      | Killed a necrophage
  1397 | D:3      | Reached skill level 4 in Stealth
  1397 | D:3      | Reached XP level 5. HP: 22/27 MP: 8/13
  1435 | D:3      | Reached skill level 4 in Dodging
  1782 | D:3      | Reached XP level 6. HP: 26/31 MP: 10/15
  1786 | D:3      | Learned a level 2 spell: Passwall
  1790 | D:3      | Learned a level 3 spell: Stone Arrow
  1795 | D:3      | Learned a level 4 spell: Petrify
  2222 | D:3      | Reached skill level 5 in Spellcasting
  2291 | D:4      | Reached skill level 5 in Stealth
  2291 | D:4      | Reached skill level 5 in Earth Magic
  2554 | D:4      | Found Oppek's Magic Scroll Emporium.
  2561 | D:4      | Bought a scroll of identify for 20 gold pieces
  2920 | D:4      | Reached skill level 5 in Dodging
  2920 | D:4      | Reached XP level 7. HP: 35/35 MP: 13/17
  3070 | D:5      | Entered Level 5 of the Dungeon
  3122 | D:5      | Found a staircase to the Ecumenical Temple.
  3131 | Temple   | Entered the Ecumenical Temple
  3176 | Temple   | Became a worshipper of Vehumet
  3220 | D:5      | Reached skill level 1 in Conjurations
  3268 | D:5      | Reached skill level 6 in Spellcasting
  3270 | D:5      | Found a glowing drain.
  3271 | D:5      | Noticed a yak
  3273 | D:5      | Noticed a yak
  3274 | D:5      | Noticed a yak
  3276 | D:5      | Noticed a yak
  3307 | D:5      | Killed a yak
  3307 | D:5      | Reached skill level 6 in Stealth
  3308 | D:5      | Killed a yak
  3308 | D:5      | Reached skill level 1 in Fighting
  3308 | D:5      | Reached skill level 2 in Conjurations
  3352 | D:5      | Reached XP level 8. HP: 27/42 MP: 3/19
  3373 | D:5      | Reached skill level 6 in Earth Magic
  3397 | D:5      | Reached skill level 3 in Conjurations
  3431 | Sewer    | Entered a sewer
  3526 | Sewer    | Reached skill level 2 in Fighting
  3573 | Sewer    | Reached * piety under Vehumet
  3573 | Sewer    | Offered knowledge of Shock by Vehumet.
  3972 | D:5      | Reached skill level 7 in Spellcasting
  4036 | D:5      | Reached skill level 7 in Stealth
  4062 | D:5      | Learned a level 5 spell: Lee's Rapid Deconstruction
  4257 | D:6      | Noticed Sigmund
  4312 | D:6      | Found Tyonuux's General Store.
  4347 | D:6      | Bought a scroll of identify for 22 gold pieces
  4565 | D:6      | Killed Sigmund
  4576 | D:6      | Reached skill level 4 in Conjurations
  4785 | D:6      | Reached XP level 9. HP: 38/48 MP: 18/22
  4819 | D:6      | Offered knowledge of Throw Frost by Vehumet.
  4979 | D:7      | Reached skill level 3 in Fighting
  4979 | D:7      | Reached skill level 7 in Earth Magic
  5004 | D:7      | Reached ** piety under Vehumet
  5004 | D:7      | Reached skill level 8 in Spellcasting
  5071 | D:7      | Reached skill level 8 in Stealth
  5265 | D:7      | Reached skill level 5 in Conjurations
  5358 | D:7      | Offered knowledge of Conjure Flame by Vehumet.
  5390 | D:7      | Noticed Duvessa
  5391 | D:7      | Noticed Dowan
  5393 | D:7      | Killed Duvessa
  5397 | D:7      | Killed Dowan
  5469 | D:7      | Got a pair of distressingly furry gloves
  5654 | D:7      | You fall through a shaft for 2 floors!
  5659 | D:9      | Noticed a cyclops
  5664 | D:9      | Reached skill level 4 in Fighting
  5669 | D:9      | Found Ewienio's Distillery.
  5677 | D:9      | Reached skill level 9 in Spellcasting
  5680 | D:9      | Reached skill level 9 in Stealth
  5781 | D:9      | Found Guggurui's Magic Scroll Shop.
  5791 | D:9      | Reached skill level 8 in Earth Magic
  5809 | D:9      | HP: 1/51 [yak (18)]
  5810 | D:9      | Reached XP level 10. HP: 1/56 MP: 9/25
  5819 | D:9      | Reached *** piety under Vehumet
  5819 | D:9      | Reached skill level 6 in Conjurations
  5832 | D:9      | Identified the cursed +0 pair of gloves of the Land of
                  | Plenty {rF+ Int+2} (You found it on level 7 of the Dungeon)
  5915 | D:9      | Noticed a harpy
  6145 | D:9      | Learned a level 3 spell: Conjure Flame
  6492 | D:8      | Found a runed translucent gate.
  6492 | D:8      | Found a runed translucent gate.
  6492 | D:8      | Found a runed translucent gate.
  6492 | D:8      | Noticed xoxolimbo's ghost (novice DsFE)
  6581 | D:8      | Noticed Joseph
  6594 | D:8      | Killed Joseph
  6789 | D:8      | Found a blossoming altar of Fedhas.
  7102 | D:7      | Offered knowledge of Sticky Flame by Vehumet.
  7171 | D:9      | Found Asmib's Antique Armour Shop.
  7172 | D:9      | Found Cycweih's Jewellery Shop.
  7177 | D:9      | Bought an uncursed ring of see invisible for 255 gold
                  | pieces
  7295 | D:9      | Noticed a salamander
  7296 | D:9      | a salamander changed into a yaktaur
  7367 | D:9      | Bought a scroll of identify for 28 gold pieces
  7465 | D:9      | Reached skill level 10 in Spellcasting
  7469 | D:9      | Reached skill level 5 in Fighting
  7480 | D:9      | Reached skill level 10 in Stealth
  7480 | D:9      | Reached skill level 7 in Conjurations
  7658 | D:9      | Killed a cyclops
  7658 | D:9      | Reached **** piety under Vehumet
  7658 | D:9      | Reached skill level 9 in Earth Magic
  7674 | D:10     | Entered Level 10 of the Dungeon
  7833 | D:10     | Offered knowledge of Ignite Poison by Vehumet.
  7873 | D:10     | Found a flagged portal.
  7881 | Bailey   | Entered a bailey
  7967 | Bailey   | Got a shimmering helmet
  7977 | Bailey   | Identified the cursed -2 helmet "Uppiled" {rElec rPois
                  | rCorr} (You found it in a bailey)
  7994 | Bailey   | Found a bloodstained altar of Trog.
  8032 | Bailey   | Got a slimy war axe
  8084 | D:10     | Reached XP level 11. HP: 38/63 MP: 19/27
  8102 | D:10     | Reached skill level 6 in Dodging
  8234 | D:10     | Reached ***** piety under Vehumet
  8238 | D:10     | Offered knowledge of Airstrike by Vehumet.
  8416 | D:10     | Noticed a fire dragon
  8694 | D:10     | Learned a level 4 spell: Airstrike
  8822 | D:10     | Found a staircase to the Lair.
  8825 | D:10     | Noticed Sonja
  8832 | D:10     | Killed Sonja
  8832 | D:10     | Reached skill level 11 in Spellcasting
  9331 | Lair:1   | Entered Level 1 of the Lair of Beasts
  9607 | Lair:1   | Reached skill level 11 in Stealth
  9614 | Lair:1   | Reached skill level 6 in Fighting
  9910 | Lair:1   | Reached skill level 7 in Dodging
 11215 | Lair:2   | Found a hole to the Spider Nest.
 11712 | Lair:2   | Reached skill level 8 in Dodging
 11922 | Lair:3   | Learned a level 2 spell: Swiftness
 11938 | Lair:3   | Reached skill level 12 in Spellcasting
 12029 | Lair:3   | Reached skill level 12 in Stealth
 12534 | Lair:3   | Reached skill level 7 in Fighting
 12554 | Lair:2   | Reached XP level 12. HP: 62/71 MP: 17/30
 12754 | Lair:3   | Reached skill level 9 in Dodging
 13280 | Lair:3   | Offered knowledge of Ozocubu's Refrigeration by Vehumet.
 13343 | Lair:3   | Learned a level 6 spell: Ozocubu's Refrigeration
 13499 | Lair:3   | Reached skill level 13 in Spellcasting
 13502 | Lair:3   | Found a staircase to the Swamp.
 13635 | Lair:3   | Reached skill level 1 in Ice Magic
 13914 | Lair:4   | Reached skill level 2 in Ice Magic
 14198 | Lair:4   | Reached skill level 10 in Dodging
 14302 | Lair:4   | Reached skill level 8 in Fighting
 14316 | Lair:4   | Reached skill level 3 in Ice Magic
 14762 | Lair:5   | Reached skill level 4 in Ice Magic
 14904 | Lair:5   | HP: 3/74 [wolf (8)]
 14938 | Lair:5   | Reached skill level 5 in Ice Magic
 14988 | Lair:5   | Noticed a four-headed hydra
 15140 | Lair:5   | Noticed Urug
 15513 | Lair:5   | Killed a four-headed hydra
 15513 | Lair:5   | Reached skill level 9 in Fighting
 15526 | Lair:5   | Reached skill level 6 in Ice Magic
 15783 | Lair:5   | Reached XP level 13. HP: 68/80 MP: 27/32
 16188 | Lair:5   | Killed Urug
 16794 | Lair:5   | Identified the +2 war axe of Day {protect, +Blink} (You
                  | found it in a bailey)
 16914 | Lair:6   | Entered Level 6 of the Lair of Beasts
 16914 | Lair:6   | Found a staircase to the Slime Pits.
 16980 | Lair:5   | Learned a level 3 spell: Static Discharge
 17189 | Lair:6   | Reached skill level 7 in Ice Magic
 17858 | Lair:6   | Reached skill level 8 in Ice Magic
 18096 | Lair:6   | Reached skill level 10 in Fighting
 18426 | Lair:6   | Reached skill level 9 in Ice Magic
 18888 | Lair:6   | Reached skill level 1 in Air Magic
 18933 | Lair:6   | Reached skill level 2 in Air Magic
 19044 | Lair:6   | Reached skill level 3 in Air Magic
 19137 | Lair:6   | Reached skill level 4 in Air Magic
 19146 | Lair:6   | Learned a level 3 spell: Regeneration
 19191 | Lair:6   | Reached skill level 1 in Charms
 19273 | Lair:6   | Found a large runed translucent door.
 19274 | Lair:6   | Found a large runed translucent door.
 19392 | Lair:6   | Noticed a fire dragon
 19420 | Lair:6   | Killed a fire dragon
 19420 | Lair:6   | Reached skill level 2 in Charms
 19634 | Lair:5   | Reached skill level 3 in Charms
 19758 | D:9      | Bought an uncursed ring of protection from cold for 425
                  | gold pieces
 19830 | D:6      | Bought an uncursed ring of wizardry for 330 gold pieces
 19999 | D:10     | Killed a fire dragon
 19999 | D:10     | Reached skill level 5 in Air Magic
 20227 | D:11     | Reached skill level 4 in Charms
 20638 | D:11     | Found a staircase to the Orcish Mines.
 20644 | D:11     | Reached skill level 5 in Charms
 20690 | D:11     | HP: 3/82 [seven-headed hydra (6)]
 20690 | D:11     | Slain by a seven-headed hydra

Levels and vault maps discovered:
D:1:      lightli_iron_boxes, layout_basic, hex_intersection
D:2:      layout_loops_corners, uniq_jessica
D:3:      layout_loops_ring, wad_orctagon
D:4:      layout_basic, serial_shops, shop, first_ration
D:5:      layout_loops_cross, minmay_temple_entry_glass,
          cheibrodos_sewer_entry_sluice
D:6:      layout_basic, serial_shops, nicolae_shop_statue_plus, uniq_sigmund
D:7:      layout_basic, uniq_duvessa
D:8:      layout_loops_ring, fedhas_altar_2, gammafunk_ghost_spectres,
          the_bakery, uniq_joseph
D:9:      cheibrodos_fzero, layout_basic, serial_shops, shop, shop,
          nicolae_shop_behind_doors, shop
D:10:     layout_cross, minmay_lair_entry_lava, enter_bailey_2, uniq_sonja
D:11:     layout_basic, david_orc_3
Temple:   kilobyte_greek_temple
Lair:1:   layout_layer_cave
Lair:2:   layout_gridlike, dummy_spider_entry, grunt_megastairs_1,
          serial_bayou_shore_b, serial_bayou_shore_b
Lair:3:   layout_regular_city, nicolae_swamp_entry_splash_gauntlet,
          kennysheep_basilisk_garden
Lair:4:   layout_small_grid
Lair:5:   layout_concentric_octagons, uniq_urug
Lair:6:   cheibrodos_lair_end_hotspot, layout_hall_layers,
          minmay_slime_entry_oklob_open
Sewer:    sewer_fruit_machine
Bailey:   bailey_axe_3, bailey

Skill      XL: |  1  2  3  4  5  6  7  8  9 10 11 12 13 |
---------------+----------------------------------------+-----
Stealth        | 3 4 5 6 7 9 10 12 | 12.0
Dodging        | 3 4 5 8 10 | 10.0
Earth Magic    | 4 5 6 8 9 |  9.0
Spellcasting   | 4 5 6 7 9 10 12 13 | 13.0
Conjurations   | 2 4 5 7 |  7.1
Fighting       | 1 2 4 5 7 9 10 | 10.0
Ice Magic      | 6 9 |  9.8
Air Magic      | 5 |  5.6
Charms         | 5 |  5.0
Transmutations | |  1.1

Action                   |  1- 3 |  4- 6 |  7- 9 | 10-12 | 13-15 || total
-------------------------+-------+-------+-------+-------+-------++-------
Melee: Unarmed           |     2 |       |       |     8 |       ||    10
       Long sword        |       |       |       |    36 |     1 ||    37
       War axe           |       |       |       |       |    24 ||    24
 Cast: Sandblast         |    44 |    79 |   174 |   169 |    34 ||   500
       Stone Arrow       |       |     5 |    16 |   270 |   192 ||   483
       Petrify           |       |       |     4 |    24 |    14 ||    42
       Lee's Rapid Decon |       |       |       |    33 |    15 ||    48
       Conjure Flame     |       |       |       |     5 |     2 ||     7
       Swiftness         |       |       |       |     1 |     2 ||     3
       Ozocubu's Refrige |       |       |       |       |    18 ||    18
       Airstrike         |       |       |       |       |     4 ||     4
       Static Discharge  |       |       |       |       |     3 ||     3
       Regeneration      |       |       |       |       |     2 ||     2
 Abil: Evoke Blink       |       |       |       |       |     7 ||     7
Evoke: Wand              |       |       |       |       |     6 ||     6
  Use: Scroll            |       |     4 |     4 |    16 |     3 ||    27
       Potion            |       |       |       |     1 |       ||     1
 Stab: Petrifying        |       |       |       |     1 |       ||     1
       Petrified         |       |       |       |       |     1 ||     1
  Eat: Chunk             |       |     5 |     6 |    24 |    10 ||    45
       Ration            |       |       |     1 |     3 |     3 ||     7
Armor: Robe              |     1 |     7 |     1 |    13 |       ||    22
       Troll leather arm |       |       |       |    24 |    20 ||    44
       Steam dragon scal |       |       |       |       |     8 ||     8
Dodge: Dodged            |    13 |    21 |    35 |   177 |   104 ||   350
       Rpst.: Long sword |       |       |       |    19 |     5 ||    24

Table legend:
 A = Non-vault XP
 B = Vault XP
 C = Vault XP percentage of total XP
 D = Non-vault monster count
 E = Vault monster count
 F = Vault count percentage of total count
                 A         B        C        D         E       F
            +---------+---------+-------+---------+---------+-------
      Total |   45164 |   18620 |  29.2 |     364 |     110 |  23.2
            +---------+---------+-------+---------+---------+-------
        D:1 |      33 |       0 |   0.0 |      17 |       0 |   0.0
        D:2 |      60 |      37 |  38.1 |      26 |       1 |   3.7
        D:3 |     258 |      12 |   4.4 |      14 |       4 |  22.2
        D:4 |     351 |       0 |   0.0 |      15 |       0 |   0.0
        D:5 |    1253 |       2 |   0.2 |      16 |       2 |  11.1
        D:6 |     684 |     212 |  23.7 |      26 |       1 |   3.7
        D:7 |    1645 |     223 |  11.9 |      33 |       2 |   5.7
        D:8 |     270 |     680 |  71.6 |      16 |       2 |  11.1
        D:9 |    1677 |    2161 |  56.3 |      20 |      15 |  42.9
       D:10 |    2509 |    1819 |  42.0 |      31 |       2 |   6.1
       D:11 |    2730 |     380 |  12.2 |      14 |       4 |  22.2
     Lair:1 |    2501 |       0 |   0.0 |      13 |       0 |   0.0
     Lair:2 |    3662 |     704 |  16.1 |      19 |       4 |  17.4
     Lair:3 |    5983 |    1734 |  22.5 |      22 |       9 |  29.0
     Lair:4 |    2472 |       0 |   0.0 |      12 |       0 |   0.0
     Lair:5 |    9698 |     804 |   7.7 |      40 |       1 |   2.4
     Lair:6 |    9378 |    9261 |  49.7 |      30 |      29 |  49.2
      Sewer |       0 |      31 | 100.0 |       0 |      18 | 100.0
     Bailey |       0 |     560 | 100.0 |       0 |      16 | 100.0
            +---------+---------+-------+---------+---------+-------
